[Event "VI Floripa Open 2020"]
[Site "Florianopolis"]
[Date "2020.01.21"]
[Round "3.24"]
[White "Volkmann, Andre Jordi"]
[Black "Guimaraes, Wagner Peixoto"]
[Result "0-1"]
[ECO "E87"]
[WhiteElo "2040"]
[BlackElo "2230"]
[Annotator "ChessBase"]
[PlyCount "76"]
[EventDate "2020.01.20"]
[EventType "swiss"]
[EventRounds "10"]
[EventCountry "BRA"]
[SourceTitle "playchess.com"]
[Source "ChessBase"]
[SourceQuality "1"]
[TimeControl "5400+30"]

1. d4 Nf6 2. c4 g6 3. f3 Bg7 4. e4 d6 5. Nc3 O-O 6. Be3 e5 7. d5 Nh5 8. Qd2 Qh4+ 9. Bf2 Qe7 10. O-O-O f5 11. Nge2 Nd7 12. Kb1 Ndf6 13. Nc1 fxe4 14. Nxe4 Nxe4 15. fxe4 Bh6 16. Be3 Bxe3 17. Qxe3 Nf6 18. Ka1 Ng4 19. Qg3 Nf2 20. Be2 Nxe4 21. Qe3 Nf2 22. Nd3 Nxd1 23. Rxd1 Bf5 24. Nf2 a5 25. g4 Bd7 26. Ne4 b6 27. a3 Rf4 28. g5 Rxe4 29. Qxe4 Qxg5 30. h4 Bf5 31. Qxe5 Qxh4 32. Qc3 Re8 33. Bf1 Qf2 34. Ka2 Re3 35. Qd4 Bc2 36. Bh3 Bb3+ 37. Ka1 Qe1 38. Bg4 Qxd1+ 0-1

[Event "VI Floripa Open 2020"]
[Site "Florianopolis"]
[Date "2020.01.21"]
[Round "3.25"]
[White "Do Valle Cardoso, Lucas"]
[Black "Urquiza, Marcello de Albuquer"]
[Result "1-0"]
[ECO "B43"]
[WhiteElo "2228"]
[BlackElo "2079"]
[Annotator "ChessBase"]
[PlyCount "105"]
[EventDate "2020.01.20"]
[EventType "swiss"]
[EventRounds "10"]
[EventCountry "BRA"]
[SourceTitle "playchess.com"]
[Source "ChessBase"]
[SourceQuality "1"]
[TimeControl "5400+30"]

1. e4 c5 2. Nf3 e6 3. d4 cxd4 4. Nxd4 a6 5. Nc3 Qc7 6. Be3 Bb4 7. Nde2 Nf6 8. a3 Be7 9. f3 b5 10. Qd2 Bb7 11. g4 d6 12. O-O-O Nc6 13. g5 Nd7 14. Nd4 Nxd4 15. Bxd4 Ne5 16. Be2 O-O 17. h4 Nc6 18. Be3 b4 19. axb4 Nxb4 20. h5 Qa5 21. Kb1 d5 22. g6 dxe4 23. Qd7 Bf6 24. gxf7+ Rxf7 25. Qxe6 Raf8 26. Bb6 Qg5 27. Rhg1 Qh4 28. fxe4 Qh2 29. Rh1 Qb8 30. Qb3 Bxc3 31. Qxc3 Bxe4 32. Qxb4 Bxh1 33. Rxh1 Qb7 34. Rd1 Rf6 35. Bc5 Qxb4 36. Bxb4 Re8 37. Bd3 Rb6 38. Bc5 Rc6 39. Bd4 h6 40. c4 Rd8 41. Bc3 Re8 42. Kc2 g5 43. b4 Rec8 44. Be4 R6c7 45. Kb3 Kf8 46. c5 Re7 47. Bd3 Re3 48. Kc4 Rd8 49. c6 g4 50. Bd4 Re6 51. Bc5+ Kg7 52. c7 Rc8 53. Kd5 1-0

[Event "VI Floripa Open 2020"]
[Site "Florianopolis"]
[Date "2020.01.21"]
[Round "3.26"]
[White "Dos Santos, Dwlyan Silva"]
[Black "Brito, Luismar"]
[Result "1/2-1/2"]
[ECO "B00"]
[WhiteElo "1793"]
[BlackElo "2227"]
[Annotator "ChessBase"]
[PlyCount "42"]
[EventDate "2020.01.20"]
[EventType "swiss"]
[EventRounds "10"]
[EventCountry "BRA"]
[SourceTitle "playchess.com"]
[Source "ChessBase"]
[SourceQuality "1"]
[TimeControl "5400+30"]

1. e4 b6 2. d4 Bb7 3. Nc3 e6 4. a3 Nf6 5. Bd3 c5 6. Nf3 c4 7. Bxc4 Nxe4 8. Nxe4 Bxe4 9. Qe2 Bb7 10. d5 Be7 11. dxe6 dxe6 12. Bf4 O-O 13. Be5 Qc8 14. O-O-O Ba6 15. Bxa6 Nxa6 16. Bd6 Bxd6 17. Rxd6 Qb7 18. Rhd1 Rac8 19. Kb1 Nc5 20. R6d4 Qe7 21. Qd2 f5 1/2-1/2

[Event "VI Floripa Open 2020"]
[Site "Florianopolis"]
[Date "2020.01.21"]
[Round "3.27"]
[White "Curi, Gabriel"]
[Black "Souza Neves, Andrey M."]
[Result "0-1"]
[ECO "D15"]
[WhiteElo "2180"]
[BlackElo "2068"]
[Annotator "ChessBase"]
[PlyCount "86"]
[EventDate "2020.01.20"]
[EventType "swiss"]
[EventRounds "10"]
[EventCountry "BRA"]
[SourceTitle "playchess.com"]
[Source "ChessBase"]
[SourceQuality "1"]
[TimeControl "5400+30"]

1. d4 d5 2. c4 c6 3. Nf3 Nf6 4. Nc3 dxc4 5. e4 b5 6. Be2 b4 7. Na4 Nxe4 8. Bxc4 e6 9. O-O Be7 10. Qe2 Nf6 11. Rd1 O-O 12. Ne5 Qa5 13. b3 Ba6 14. Bxa6 Qxa6 15. Qxa6 Nxa6 16. Nxc6 Bd6 17. Bg5 Nd5 18. Rac1 Nac7 19. Bh4 Nb5 20. Rc4 Nbc3 21. Nxc3 Nxc3 22. Rd2 Rfc8 23. Bg3 Bf8 24. f3 f6 25. Rc2 Nd5 26. Be1 Nb6 27. Nxb4 Nxc4 28. bxc4 Rd8 29. Kf1 Bxb4 30. Bxb4 Rxd4 31. Bc5 Rd7 32. Be3 Rc7 33. c5 Rd8 34. Ke2 Kf7 35. Rb2 e5 36. a4 f5 37. g3 Kf6 38. h4 h6 39. h5 f4 40. gxf4 exf4 41. Bxf4 Rxc5 42. Be3 Re8 43. Rb7 Rc3 0-1

[Event "VI Floripa Open 2020"]
[Site "Florianopolis"]
[Date "2020.01.21"]
[Round "3.28"]
[White "Medrano, Mario"]
[Black "Lemos, Dawton Almino"]
[Result "0-1"]
[ECO "E17"]
[WhiteElo "2032"]
[BlackElo "2179"]
[Annotator "ChessBase"]
[PlyCount "48"]
[EventDate "2020.01.20"]
[EventType "swiss"]
[EventRounds "10"]
[EventCountry "BRA"]
[SourceTitle "playchess.com"]
[Source "ChessBase"]
[SourceQuality "1"]
[TimeControl "5400+30"]

1. d4 Nf6 2. Nf3 d5 3. g3 e6 4. Bg2 Be7 5. O-O O-O 6. b3 b6 7. Ne5 Bb7 8. c4 Qc8 9. Qc2 dxc4 10. bxc4 Bxg2 11. Kxg2 Qb7+ 12. Kg1 c5 13. dxc5 Bxc5 14. Nc3 Nbd7 15. Nxd7 Nxd7 16. Ne4 Bd4 17. Rb1 Nc5 18. Nxc5 Bxc5 19. Rd1 Rfd8 20. Bb2 Rxd1+ 21. Rxd1 Rc8 22. Qd2 Bf8 23. Qg5 Qe4 24. Rd8 Rxd8 0-1

[Event "VI Floripa Open 2020"]
[Site "Florianopolis"]
[Date "2020.01.21"]
[Round "3.29"]
[White "Da Silva, Paolo Ghiu M. Rego"]
[Black "Reichert, Thiago Da Cruz"]
[Result "1/2-1/2"]
[ECO "A36"]
[WhiteElo "2171"]
[BlackElo "1948"]
[Annotator "ChessBase"]
[PlyCount "74"]
[EventDate "2020.01.20"]
[EventType "swiss"]
[EventRounds "10"]
[EventCountry "BRA"]
[SourceTitle "playchess.com"]
[Source "ChessBase"]
[SourceQuality "1"]
[TimeControl "5400+30"]

1. c4 Nf6 2. Nc3 c5 3. g3 g6 4. Bg2 Bg7 5. Nh3 O-O 6. Nf4 Nc6 7. a3 d6 8. d3 b6 9. Rb1 Bb7 10. b4 Qd7 11. O-O e6 12. e4 Rfd8 13. Be3 Rac8 14. h3 Ne7 15. Qb3 Ba8 16. Rfc1 h6 17. h4 Ng4 18. Bd2 Nc6 19. Qd1 h5 20. Nce2 Nd4 21. Bc3 e5 22. Nh3 f5 23. Nxd4 cxd4 24. Bd2 fxe4 25. dxe4 Rf8 26. f3 Nf6 27. Ng5 Rce8 28. Qb3 Kh8 29. Rb2 Nh7 30. Bh3 Qe7 31. Nxh7 Kxh7 32. Bg2 Qf7 33. Kf2 Bb7 34. c5 dxc5 35. bxc5 Bc8 36. cxb6 Bh3 37. Bxh3 axb6 1/2-1/2

[Event "VI Floripa Open 2020"]
[Site "Florianopolis"]
[Date "2020.01.21"]
[Round "3.30"]
[White "Luz, Arthur Nader"]
[Black "Farias, Edilsom"]
[Result "1-0"]
[ECO "B13"]
[WhiteElo "2165"]
[BlackElo "1839"]
[Annotator "ChessBase"]
[PlyCount "57"]
[EventDate "2020.01.20"]
[EventType "swiss"]
[EventRounds "10"]
[EventCountry "BRA"]
[SourceTitle "playchess.com"]
[Source "ChessBase"]
[SourceQuality "1"]
[TimeControl "5400+30"]

1. e4 c6 2. d4 d5 3. exd5 cxd5 4. Bd3 Nc6 5. c3 Qc7 6. Ne2 e5 7. dxe5 Nxe5 8. Bb5+ Bd7 9. Bxd7+ Qxd7 10. O-O O-O-O 11. Be3 Kb8 12. Qd4 Nc6 13. Qa4 Nf6 14. Nd4 Nxd4 15. Qxd4 b6 16. Nd2 Bc5 17. Bf4+ Kb7 18. Qd3 d4 19. c4 Bd6 20. Bxd6 Qxd6 21. Rfe1 Rhe8 22. Rad1 Kc7 23. h3 h6 24. a3 Rxe1+ 25. Rxe1 Rd7 26. b4 Rd8 27. Nf3 Qf4 28. Ne5 Kb7 29. g3 1-0

[Event "VI Floripa Open 2020"]
[Site "Florianopolis"]
[Date "2020.01.21"]
[Round "3.31"]
[White "Labussiere, Victor"]
[Black "Herbst Neto, Eugenio"]
[Result "1-0"]
[ECO "E91"]
[WhiteElo "2363"]
[BlackElo "1930"]
[Annotator "ChessBase"]
[PlyCount "105"]
[EventDate "2020.01.20"]
[EventType "swiss"]
[EventRounds "10"]
[EventCountry "BRA"]
[SourceTitle "playchess.com"]
[Source "ChessBase"]
[SourceQuality "1"]
[TimeControl "5400+30"]

1. c4 Nf6 2. Nf3 g6 3. Nc3 Bg7 4. e4 d6 5. d4 O-O 6. Be2 Nc6 7. d5 Nb8 8. O-O e5 9. Bg5 h6 10. Bh4 g5 11. Bg3 Nh5 12. Nd2 Nf4 13. Bg4 f5 14. Bxf5 Bxf5 15. exf5 Rxf5 16. f3 c5 17. Bf2 Na6 18. g3 Nh3+ 19. Kg2 Nxf2 20. Rxf2 Nc7 21. Nde4 Qd7 22. Qd3 Raf8 23. b3 a6 24. a4 a5 25. Raf1 b6 26. g4 R5f7 27. Ng3 Ne8 28. Rh1 Nf6 29. Nce4 Nxe4 30. Nxe4 Rf4 31. h4 gxh4 32. Rxh4 Qe7 33. Rh3 Kf7 34. Ng3 Ke8 35. Qg6+ Qf7 36. Qxd6 e4 37. Qb8+ Kd7 38. Qb7+ Ke8 39. Qxf7+ R8xf7 40. Nxe4 Kd7 41. Re2 Bf8 42. Rf2 Bg7 43. Rf1 Bf8 44. Re1 Bg7 45. g5 hxg5 46. Nxg5 R7f6 47. Ne6 Rg6+ 48. Rg3 Rxg3+ 49. Kxg3 Rf7 50. Ng5 Rf6 51. Re6 Rf8 52. f4 Bc3 53. Kg4 1-0

[Event "VI Floripa Open 2020"]
[Site "Florianopolis"]
[Date "2020.01.21"]
[Round "3.32"]
[White "Da Silva, Juliano Roberto Nery"]
[Black "Cadilhac, Igor Tokuichi Kikuch"]
[Result "0-1"]
[ECO "E39"]
[WhiteElo "1927"]
[BlackElo "2349"]
[Annotator "ChessBase"]
[PlyCount "70"]
[EventDate "2020.01.20"]
[EventType "swiss"]
[EventRounds "10"]
[EventCountry "BRA"]
[SourceTitle "playchess.com"]
[Source "ChessBase"]
[SourceQuality "1"]
[TimeControl "5400+30"]

1. d4 Nf6 2. c4 e6 3. Nc3 Bb4 4. Qc2 c5 5. dxc5 O-O 6. Nf3 Na6 7. a3 Bxc3+ 8. Qxc3 Nxc5 9. e3 b6 10. Be2 Bb7 11. O-O Rc8 12. b4 Nce4 13. Qb3 d5 14. Bb2 Qe7 15. Rac1 Rfd8 16. h3 dxc4 17. Bxc4 Nd6 18. Be2 Bd5 19. Qa4 Nfe4 20. Ba6 Rb8 21. Bd3 Ng5 22. Be2 b5 23. Qa5 Nxf3+ 24. gxf3 Bc4 25. Rfe1 Bxe2 26. Rxe2 Nc4 27. Rxc4 bxc4 28. Bd4 Rd5 29. Qxa7 Qg5+ 30. Kf1 Rbd8 31. f4 Qh5 32. Qc7 Qxh3+ 33. Ke1 Rxd4 34. exd4 Qh1+ 35. Kd2 Rxd4+ 0-1

[Event "VI Floripa Open 2020"]
[Site "Florianopolis"]
[Date "2020.01.21"]
[Round "3.33"]
[White "Aranha Filho, Alvaro Z."]
[Black "Souza dos Santos, Matheus Garcett"]
[Result "1-0"]
[ECO "E81"]
[WhiteElo "2340"]
[BlackElo "1927"]
[Annotator "ChessBase"]
[PlyCount "77"]
[EventDate "2020.01.20"]
[EventType "swiss"]
[EventRounds "10"]
[EventCountry "BRA"]
[SourceTitle "playchess.com"]
[Source "ChessBase"]
[SourceQuality "1"]
[TimeControl "5400+30"]

1. d4 Nf6 2. c4 g6 3. Nc3 Bg7 4. e4 d6 5. f3 O-O 6. Bg5 Nbd7 7. Qd2 e5 8. d5 h6 9. Be3 a5 10. g4 Nc5 11. O-O-O h5 12. h3 Kh7 13. Bg5 c6 14. dxc6 Ne6 15. Be3 Nd4 16. Nb5 bxc6 17. Nxd4 exd4 18. Bxd4 Qe7 19. g5 Ng8 20. Bxg7 Kxg7 21. Qd4+ Kh7 22. Qxd6 Qxg5+ 23. f4 Qh6 24. Nf3 f6 25. Qc7+ Qg7 26. Qxg7+ Kxg7 27. Rg1 Re8 28. Nh4 Ne7 29. Rd6 c5 30. Nxg6 Nxg6 31. f5 Rxe4 32. Rxg6+ Kh7 33. Bd3 Bxf5 34. Rgxf6 Re1+ 35. Kd2 Bxd3 36. Kxe1 Bxc4 37. b3 Re8+ 38. Kd2 Re2+ 39. Kd1 1-0

[Event "VI Floripa Open 2020"]
[Site "Florianopolis"]
[Date "2020.01.21"]
[Round "3.34"]
[White "Tomiello, Mateus Costamilan"]
[Black "Guimaraes, Diogo Duarte"]
[Result "1-0"]
[ECO "B06"]
[WhiteElo "1912"]
[BlackElo "2292"]
[Annotator "ChessBase"]
[PlyCount "67"]
[EventDate "2020.01.20"]
[EventType "swiss"]
[EventRounds "10"]
[EventCountry "BRA"]
[SourceTitle "playchess.com"]
[Source "ChessBase"]
[SourceQuality "1"]
[TimeControl "5400+30"]

1. e4 d6 2. d4 g6 3. Nf3 Bg7 4. Bd3 Bg4 5. c3 Nf6 6. O-O O-O 7. h3 Bxf3 8. Qxf3 e5 9. dxe5 dxe5 10. Rd1 Nbd7 11. b3 Ne8 12. Ba3 Nd6 13. Nd2 Re8 14. Nc4 Bf8 15. Nxd6 Bxd6 16. Bxd6 cxd6 17. Bc4 Qe7 18. Rd2 Nb6 19. Bf1 Rac8 20. Rad1 Red8 21. a4 a5 22. Qe3 Qc7 23. h4 Na8 24. Bc4 Nb6 25. Be2 Na8 26. Bg4 Rb8 27. h5 b5 28. axb5 Rxb5 29. c4 Rbb8 30. Qg5 d5 31. Rxd5 Rxd5 32. exd5 Rd8 33. h6 Rd6 34. Qxe5 1-0

[Event "VI Floripa Open 2020"]
[Site "Florianopolis"]
[Date "2020.01.21"]
[Round "3.35"]
[White "Gauche, Charles"]
[Black "Cerrato, Alex"]
[Result "1-0"]
[ECO "A50"]
[WhiteElo "2258"]
[BlackElo "1911"]
[Annotator "ChessBase"]
[PlyCount "59"]
[EventDate "2020.01.20"]
[EventType "swiss"]
[EventRounds "10"]
[EventCountry "BRA"]
[SourceTitle "playchess.com"]
[Source "ChessBase"]
[SourceQuality "1"]
[TimeControl "5400+30"]

1. c4 Nc6 2. d4 e5 3. d5 Nce7 4. e4 Nf6 5. Nc3 Ng6 6. Be3 Bb4 7. f3 O-O 8. Rc1 d6 9. Bd3 Nh5 10. Nge2 b6 11. O-O Bxc3 12. Nxc3 Nhf4 13. g3 Nh3+ 14. Kh1 f5 15. exf5 Bxf5 16. Bxf5 Rxf5 17. Ne4 Qe7 18. Kg2 Rh5 19. Qd2 Rf8 20. b4 h6 21. c5 Ng5 22. Bxg5 hxg5 23. cxd6 cxd6 24. Rc6 Qd7 25. Rxd6 Qh3+ 26. Kg1 Ne7 27. Nxg5 Qf5 28. Ne4 Qh7 29. g4 Rxf3 30. Rd8+ 1-0

[Event "VI Floripa Open 2020"]
[Site "Florianopolis"]
[Date "2020.01.21"]
[Round "3.36"]
[White "Zallio, Luciano de Souza"]
[Black "Gamarra, Ramon"]
[Result "0-1"]
[ECO "E18"]
[WhiteElo "2245"]
[BlackElo "1904"]
[Annotator "ChessBase"]
[PlyCount "110"]
[EventDate "2020.01.20"]
[EventType "swiss"]
[EventRounds "10"]
[EventCountry "BRA"]
[SourceTitle "playchess.com"]
[Source "ChessBase"]
[SourceQuality "1"]
[TimeControl "5400+30"]

1. d4 d5 2. c4 e6 3. g3 Nf6 4. Bg2 Be7 5. Nf3 O-O 6. cxd5 exd5 7. O-O b6 8. Nc3 Bb7 9. Bf4 Bd6 10. Ne5 a6 11. Rc1 b5 12. Re1 Nbd7 13. Qb3 Nb6 14. a4 b4 15. Nd1 a5 16. Ne3 Qe8 17. Nd3 Qxa4 18. Qxa4 Nxa4 19. Bxd6 cxd6 20. Nf5 Ba6 21. Nxd6 Bxd3 22. exd3 Nxb2 23. Rc7 Ra6 24. Nf5 a4 25. Rb7 a3 26. Ra1 Ra5 27. Ne7+ Kh8 28. Nxd5 Nxd3 29. Nxf6 gxf6 30. Be4 Nb2 31. Bc2 Raa8 32. Rxb4 Rac8 33. Bb3 Ra8 34. Bd5 Ra5 35. Ba2 Kg7 36. Kg2 Rfa8 37. Kf3 Rf5+ 38. Kg2 Rxf2+ 39. Kg1 Ra7 40. d5 Rd2 41. Bb3 h5 42. h4 Re7 43. Kf1 Ree2 44. Rf4 Rh2 45. Kg1 Rdg2+ 46. Kf1 Rxg3 47. Rxa3 Rhh3 48. Ra6 Rxb3 49. Raxf6 Rb7 50. R6f5 Nd3 51. Rg5+ Kf8 52. Rd4 Rb2 53. Kg1 Re3 54. Rf4 Ne5 55. d6 Re1+ 0-1

[Event "VI Floripa Open 2020"]
[Site "Florianopolis"]
[Date "2020.01.21"]
[Round "3.37"]
[White "Cardoso, Marcio De Lucca"]
[Black "Larrea, Manuel"]
[Result "0-1"]
[ECO "E91"]
[WhiteElo "1896"]
[BlackElo "2235"]
[Annotator "ChessBase"]
[PlyCount "58"]
[EventDate "2020.01.20"]
[EventType "swiss"]
[EventRounds "10"]
[EventCountry "BRA"]
[SourceTitle "playchess.com"]
[Source "ChessBase"]
[SourceQuality "1"]
[TimeControl "5400+30"]

1. d4 Nf6 2. c4 g6 3. Nc3 Bg7 4. e4 d6 5. Nf3 O-O 6. Be2 Bg4 7. O-O Nfd7 8. Be3 c5 9. Ng5 Bxe2 10. Nxe2 Nc6 11. f4 cxd4 12. Nxd4 Rc8 13. Rc1 Nxd4 14. Bxd4 e5 15. Be3 exf4 16. Bxf4 Bxb2 17. Qxd6 Bxc1 18. Rxc1 Qb6+ 19. Qxb6 Nxb6 20. c5 Na4 21. Bd6 Rfd8 22. e5 Rc6 23. Rf1 Nxc5 24. Nxf7 Re8 25. Ng5 Nd7 26. Nf3 Rec8 27. Ne1 Nc5 28. Rf4 Re8 29. Kf1 Rxd6 0-1

[Event "VI Floripa Open 2020"]
[Site "Florianopolis"]
[Date "2020.01.21"]
[Round "3.38"]
[White "Torres, Federico"]
[Black "Araujo, Renan Aparecido"]
[Result "1-0"]
[ECO "C29"]
[WhiteElo "2223"]
[BlackElo "1903"]
[Annotator "ChessBase"]
[PlyCount "43"]
[EventDate "2020.01.20"]
[EventType "swiss"]
[EventRounds "10"]
[EventCountry "BRA"]
[SourceTitle "playchess.com"]
[Source "ChessBase"]
[SourceQuality "1"]
[TimeControl "5400+30"]

1. e4 e5 2. Nc3 Nf6 3. f4 d5 4. fxe5 Nxe4 5. d3 Qh4+ 6. g3 Nxg3 7. Nf3 Qh5 8. Nxd5 Bg4 9. Bg2 Nxh1 10. Nxc7+ Kd7 11. Nxa8 Nc6 12. Be3 Be7 13. Bxh1 Rxa8 14. d4 Bh4+ 15. Kf1 f6 16. Bg2 Ke8 17. h3 Bf5 18. c3 Bg3 19. Qb3 Be4 20. Qg8+ Ke7 21. Qxg7+ Qf7 22. exf6+ 1-0

[Event "VI Floripa Open 2020"]
[Site "Florianopolis"]
[Date "2020.01.21"]
[Round "3.39"]
[White "Vieira, Jose Renato Braga S."]
[Black "Cordeiro, Marco Aurelio Zaror"]
[Result "0-1"]
[ECO "A43"]
[WhiteElo "1891"]
[BlackElo "2217"]
[Annotator "ChessBase"]
[PlyCount "60"]
[EventDate "2020.01.20"]
[EventType "swiss"]
[EventRounds "10"]
[EventCountry "BRA"]
[SourceTitle "playchess.com"]
[Source "ChessBase"]
[SourceQuality "1"]
[TimeControl "5400+30"]

1. d4 c5 2. d5 f5 3. c4 Nf6 4. Nc3 g6 5. Qc2 d6 6. Bg5 Bg7 7. h4 h6 8. Bxf6 Bxf6 9. h5 g5 10. e4 O-O 11. Bd3 fxe4 12. Bxe4 Na6 13. Nge2 Nc7 14. Ng3 Bg7 15. O-O a6 16. a4 e5 17. dxe6 Nxe6 18. Bd5 Kh8 19. Rae1 Nf4 20. Qe4 Be5 21. Bxb7 Bxb7 22. Qxb7 Rb8 23. Qxa6 Rxb2 24. Nd5 Nxd5 25. cxd5 Qf6 26. Re2 Rxe2 27. Qxe2 Qf4 28. Qc2 Bd4 29. Ne4 Qe5 30. Ng3 Qxg3 0-1

[Event "VI Floripa Open 2020"]
[Site "Florianopolis"]
[Date "2020.01.21"]
[Round "3.40"]
[White "De Lima, Alexsandro Barros"]
[Black "Resende, Paulo Sergio De"]
[Result "1-0"]
[ECO "A28"]
[WhiteElo "2205"]
[BlackElo "1897"]
[Annotator "ChessBase"]
[PlyCount "80"]
[EventDate "2020.01.20"]
[EventType "swiss"]
[EventRounds "10"]
[EventCountry "BRA"]
[SourceTitle "playchess.com"]
[Source "ChessBase"]
[SourceQuality "1"]
[TimeControl "5400+30"]

1. c4 e5 2. Nc3 Nf6 3. Nf3 Nc6 4. e4 Bb4 5. d3 Bxc3+ 6. bxc3 O-O 7. Be2 h6 8. O-O d6 9. Rb1 Qe7 10. Ne1 b6 11. Nc2 Kh7 12. f4 g6 13. Qe1 Bg4 14. Bxg4 Nxg4 15. h3 Nf6 16. Qf2 exf4 17. Qxf4 Ng8 18. Ne3 Qe5 19. Qf3 Nce7 20. d4 Qg7 21. c5 dxc5 22. Bb2 f6 23. d5 c4 24. Nxc4 g5 25. Ne3 Ng6 26. c4 Ne5 27. Qg3 Rae8 28. Nf5 Qg6 29. Rbc1 Ne7 30. Ba3 Rf7 31. Nxe7 Rexe7 32. Bxe7 Rxe7 33. Rf5 Nf7 34. c5 bxc5 35. Rxc5 Nd6 36. Rxc7 Nxf5 37. exf5 Qf7 38. d6 Rd7 39. Qc3 Qe8 40. Rxd7+ Qxd7 1-0

[Event "VI Floripa Open 2020"]
[Site "Florianopolis"]
[Date "2020.01.21"]
[Round "3.41"]
[White "Frois, Vitor Amorim"]
[Black "Zanghelini, Cristian Silnei"]
[Result "1-0"]
[ECO "B51"]
[WhiteElo "2200"]
[BlackElo "1890"]
[Annotator "ChessBase"]
[PlyCount "91"]
[EventDate "2020.01.20"]
[EventType "swiss"]
[EventRounds "10"]
[EventCountry "BRA"]
[SourceTitle "playchess.com"]
[Source "ChessBase"]
[SourceQuality "1"]
[TimeControl "5400+30"]

1. e4 c5 2. Nf3 d6 3. Bb5+ Nd7 4. d4 cxd4 5. Qxd4 a6 6. Bc4 Ngf6 7. a4 e5 8. Qe3 Be7 9. Nc3 Qc7 10. Qe2 h6 11. Be3 b6 12. O-O O-O 13. Rfd1 Bb7 14. Qd3 Rfc8 15. Bb3 Bc6 16. Nh4 Bf8 17. Nf5 Rd8 18. f3 Bb7 19. Qe2 Rac8 20. Rd2 Nc5 21. Qf2 Qd7 22. Bxc5 Rxc5 23. Rad1 Rxc3 24. bxc3 Bxe4 25. fxe4 Nxe4 26. Qf3 Nxd2 27. Rxd2 Qc7 28. Ne3 Rd7 29. Rf2 Qa7 30. Nd5 b5 31. axb5 axb5 32. h3 Kh8 33. Kh2 g6 34. Nf6 Re7 35. Rd2 Rc7 36. Ne8 Rd7 37. Qf6+ Kh7 38. Nxd6 Bg7 39. Qh4 e4 40. Qg3 e3 41. Re2 Qc5 42. Ne4 Qf5 43. Qxe3 Rd1 44. Ng3 Qc8 45. Bxf7 Qc7 46. Qe8 1-0

[Event "VI Floripa Open 2020"]
[Site "Florianopolis"]
[Date "2020.01.21"]
[Round "3.42"]
[White "Morgado, Leandro Batista"]
[Black "Zuriel, Marisa"]
[Result "0-1"]
[ECO "A45"]
[WhiteElo "1888"]
[BlackElo "2178"]
[Annotator "ChessBase"]
[PlyCount "70"]
[EventDate "2020.01.20"]
[EventType "swiss"]
[EventRounds "10"]
[EventCountry "BRA"]
[SourceTitle "playchess.com"]
[Source "ChessBase"]
[SourceQuality "1"]
[TimeControl "5400+30"]

1. d4 Nf6 2. e3 c5 3. c3 g6 4. Bd3 Qc7 5. Nf3 Bg7 6. O-O O-O 7. Re1 d6 8. e4 e5 9. dxe5 dxe5 10. Qe2 Nc6 11. Bg5 Nh5 12. Nbd2 h6 13. Be3 b6 14. Nf1 Bb7 15. Ba6 Nd8 16. Bxb7 Qxb7 17. Qc4 Ne6 18. Rad1 Rad8 19. a4 a6 20. Qb3 Qc6 21. Qc2 b5 22. axb5 axb5 23. Bc1 c4 24. Ne3 Nhf4 25. Nd5 Nxd5 26. exd5 Rxd5 27. Qe4 Rfd8 28. Rxd5 Qxd5 29. Qh4 h5 30. Qg3 Nc5 31. Bg5 Re8 32. Qh4 e4 33. Bf6 Bxf6 34. Qxf6 Re6 35. Qd4 exf3 0-1

[Event "VI Floripa Open 2020"]
[Site "Florianopolis"]
[Date "2020.01.21"]
[Round "3.43"]
[White "De Oliveira, Gustavo Alfredo Bue"]
[Black "Borges, Leonardo Hisao Herai"]
[Result "1/2-1/2"]
[ECO "B41"]
[WhiteElo "2176"]
[BlackElo "1890"]
[Annotator "ChessBase"]
[PlyCount "39"]
[EventDate "2020.01.20"]
[EventType "swiss"]
[EventRounds "10"]
[EventCountry "BRA"]
[SourceTitle "playchess.com"]
[Source "ChessBase"]
[SourceQuality "1"]
[TimeControl "5400+30"]

1. e4 c5 2. Nf3 a6 3. c4 e6 4. Nc3 Qc7 5. d4 cxd4 6. Nxd4 Nf6 7. a3 Be7 8. Be2 b6 9. O-O Bb7 10. Bd3 d6 11. Be3 O-O 12. Rc1 Nbd7 13. f3 Rac8 14. Qe2 Qb8 15. Bf2 Ne5 16. b3 Nxd3 17. Qxd3 d5 18. Nc2 dxe4 19. fxe4 Rfd8 20. Qe2 1/2-1/2

[Event "VI Floripa Open 2020"]
[Site "Florianopolis"]
[Date "2020.01.21"]
[Round "3.44"]
[White "Deus Filho, Joaquim de"]
[Black "Sztokbant, Bernardo Vainzoff"]
[Result "0-1"]
[ECO "B11"]
[WhiteElo "1881"]
[BlackElo "2175"]
[Annotator "ChessBase"]
[PlyCount "126"]
[EventDate "2020.01.20"]
[EventType "swiss"]
[EventRounds "10"]
[EventCountry "BRA"]
[SourceTitle "playchess.com"]
[Source "ChessBase"]
[SourceQuality "1"]
[TimeControl "5400+30"]

1. e4 c6 2. Nf3 d5 3. Nc3 Bg4 4. h3 Bxf3 5. Qxf3 e6 6. exd5 exd5 7. d4 Bd6 8. Bd3 Qf6 9. Qe2+ Ne7 10. Be3 Nd7 11. O-O-O O-O-O 12. Qd2 Rde8 13. Ne2 h6 14. Bf4 Bxf4 15. Qxf4 Ng6 16. Qd2 Re7 17. Bxg6 Qxg6 18. Ng3 Rhe8 19. Rde1 Re6 20. Rxe6 Qxe6 21. Kd1 Qf6 22. Re1 Rxe1+ 23. Kxe1 Nf8 24. Kf1 Ne6 25. Ne2 g5 26. Kg1 h5 27. c3 Qf5 28. a3 Qb1+ 29. Kh2 h4 30. Qc1 Qd3 31. Ng1 Nf4 32. Nf3 f6 33. Qe1 Kd7 34. Kh1 Nxh3 35. gxh3 Qxf3+ 36. Kh2 b5 37. Qf1 a5 38. Qe1 a4 39. Qf1 Ke6 40. Kg1 Kf7 41. Kh2 Qf4+ 42. Kh1 Kg6 43. Kg2 Qe4+ 44. Kh2 Qc2 45. Kg2 Kf5 46. Kg1 Qe4 47. Kh2 Qf4+ 48. Kg2 g4 49. hxg4+ Qxg4+ 50. Kh2 Qf3 51. Qb1+ Ke6 52. Qe1+ Kd7 53. Qg1 Kc7 54. Qg7+ Kb6 55. Qe7 Qxf2+ 56. Kh1 Qf3+ 57. Kh2 Qg3+ 58. Kh1 h3 59. Qd8+ Kb7 60. Qe7+ Ka6 61. Qe2 f5 62. c4 bxc4 63. Qc2 Qg2+ 0-1

[Event "VI Floripa Open 2020"]
[Site "Florianopolis"]
[Date "2020.01.21"]
[Round "3.45"]
[White "Starke, Bruno Orlando"]
[Black "Barbosa, Flavio Novais"]
[Result "1-0"]
[ECO "E06"]
[WhiteElo "2174"]
[BlackElo "1885"]
[Annotator "ChessBase"]
[PlyCount "73"]
[EventDate "2020.01.20"]
[EventType "swiss"]
[EventRounds "10"]
[EventCountry "BRA"]
[SourceTitle "playchess.com"]
[Source "ChessBase"]
[SourceQuality "1"]
[TimeControl "5400+30"]

1. d4 d5 2. c4 e6 3. Nf3 Nf6 4. g3 Be7 5. Bg2 a6 6. Nbd2 O-O 7. O-O dxc4 8. Nxc4 b5 9. Nfe5 Nd5 10. Na5 c5 11. Nac6 Nxc6 12. Nxc6 Qc7 13. Nxe7+ Qxe7 14. e4 Nb4 15. dxc5 Rd8 16. Qb3 Qxc5 17. Be3 Qe7 18. Rac1 Rd3 19. Bc5 Rxb3 20. Bxe7 Rxb2 21. Rfd1 Bb7 22. Rc7 Re8 23. Bxb4 Bxe4 24. Bc3 Rb1 25. Rxb1 Bxb1 26. a3 Rd8 27. Bb7 Bd3 28. Bxa6 h6 29. Rc8 Rxc8 30. Bxc8 Bc2 31. Bd7 Ba4 32. f4 g5 33. Kf2 gxf4 34. gxf4 Kh7 35. Ke3 Kg6 36. Be8 h5 37. h4 1-0